 Dungeon Crawl Stone Soup version 0.30.1-11-g7821555f0a (webtiles) character file.

Game seed: 6450123020711121386

249 Rune1994 the Covered (level 5, -3/48 HPs)
             Began as a Minotaur Fighter on Dec 14, 2023.
             Slain by a gnoll
             ... wielding a +0 spear
             ... led by a gnoll bouda
              (7 damage)
             ... on level 4 of the Dungeon.
             The game lasted 00:08:30 (3398 turns).

Rune1994 the Covered (Minotaur Fighter)             Turns: 3398, Time: 00:08:31

Health: -3/48      AC:  8    Str: 23    XL:     5   Next: 86%
Magic:  4/4        EV: 10    Int:  5    God:
Gold:   232        SH:  4    Dex:  9    Spells: 4/4 levels left

rFire   . . .        a - +0 long sword
rCold   . . .        c - +0 buckler
rNeg    . . .        b - +0 scale mail
rPois   .            (helmet restricted)
rElec   .            (no cloak)
rCorr   .            g - +0 pair of gloves
SInv    .            (no boots)
Will    .....        (no amulet) Stlth
                     (no ring)
HPRegen 0.28/turn    (no ring)
MPRegen 0.09/turn

%: no passive effects
@: no status effects
A: horns 2, retaliatory headbutt
a: no special abilities


You were on level 4 of the Dungeon.
You visited 1 branch of the dungeon, and saw 4 of its levels.

You collected 232 gold pieces.

Inventory:

Hand Weapons
 a - a +0 long sword (weapon)
Armour
 b - a +0 scale mail (worn)
 c - a +0 buckler (worn)
 g - a +0 pair of gloves (worn)
Jewellery
 l - a ring of ice
Wands
 h - a wand of quicksilver (2)
 i - a wand of polymorph (8)
Scrolls
 f - 2 scrolls of teleportation
 j - 2 scrolls of immolation
Potions
 d - a potion of might


   Skills:
 + Level 5.0 Fighting
 + Level 3.9 Long Blades
 + Level 5.1 Armour
 + Level 1.1 Dodging
 + Level 0.5 Stealth
 + Level 4.8 Shields


You had 4 spell levels left.
You didn't know any spells.
Your spell library contained the following spells:

 Spells                   Type           Power      Damage    Failure   Level
 Slow                     Hex            0%         N/A       83%         1
 Confusing Touch          Hex            0%         N/A       99%         3
 Tukima's Dance           Hex            0%         N/A       99%         3
 Vampiric Draining        Necr           0%         2d6       99%         3
 Passage of Golubria      Tloc           0%         N/A       100%        4
 Yara's Violent Unravell  Hex/Tmut       0%         3d3       100%        5


Dungeon Overview and Level Annotations

Branches:
Dungeon (4/15)
 Temple: D:4-7

Altars:
Yredelemnul

Shops:
D:4 !


Innate Abilities, Weirdness & Mutations

You have a pair of horns on your head.
You reflexively headbutt those who attack you in melee.


Message History

You closely miss the ball python. You headbutt the ball python.
You kill the ball python!
The gnoll hits you from afar with a +0 spear.
The gnoll hits you but does no damage.
The gnoll hits you from afar with a +2 spear of flaming.
* * * LOW HITPOINT WARNING * * *
The gnoll burns you.
* * * LOW HITPOINT WARNING * * *
Items here: )) ††.
The gnoll barely misses you.
Items here: )))) [[.
The gnoll hits you with a +0 spear.
* * * LOW HITPOINT WARNING * * *
The gnoll hits you from afar with a +2 spear of flaming.
* * * LOW HITPOINT WARNING * * *
The gnoll burns you.
* * * LOW HITPOINT WARNING * * *
Aiming: Quicksilver Bolt
Press: ? - help, Q - select action, (/) - cycle Shift-Dir - straight line The bolt of dispelling energy misses the gnoll.
The bolt of dispelling energy hits the gnoll!!
You kill the gnoll!
The gnoll hits you with a +0 spear.
* * * LOW HITPOINT WARNING * * *
You slash the gnoll!
The gnoll is heavily wounded.
The gnoll closely misses you. You furiously retaliate!
You headbutt the gnoll. You closely miss the gnoll.
The gnoll is almost dead.
The gnoll hits you but does no damage.
You barely miss the gnoll.
You headbutt the gnoll, but do no damage.
The gnoll is almost dead.
The gnoll closely misses you.
You hit the gnoll.
You kill the gnoll!
Your Fighting skill increases to level 5!
You closely miss the gnoll. The gnoll barely misses you.
The gnoll hits you from afar with a +0 spear!
You die...

############ #######
#.......##.##
#.....#####.#####.#.#.##
#gg@.....# #..###.#
.......#######.####)##
##. .≈≈≈≈≈≈ #.#...## ##
.≈..... #...##.## ##<
.≈.#### #...##..###.# .≈
#.#.##.#...## .
#......##∩## #...#####.#
.≈### #.#


You could see 2 gnolls.

Vanquished Creatures
  An orc priest (D:4)
  A gnoll bouda (D:4)
  7 gnolls
  5 adders
  2 worms (D:2)
  2 dart slugs
  3 orcs (D:4)
  6 bats
  4 endoplasms
  3 giant cockroaches
  5 goblins
  5 hobgoblins (D:1)
  13 kobolds
  9 ball pythons
  5 frilled lizards
  2 rats
73 creatures vanquished.

Notes
Turn   | Place    | Note
-------+----------+-------------------------------------------
     0 | D:1      | Rune1994 the Minotaur Fighter began the quest for the Orb.
     0 | D:1      | Reached XP level 1. HP: 19/19 MP: 0/0
   118 | D:1      | Reached XP level 2. HP: 23/27 MP: 1/1
   575 | D:1      | Reached XP level 3. HP: 30/33 MP: 2/2
  1227 | D:2      | Reached XP level 4. HP: 31/41 MP: 3/3
  1715 | D:2      | Found a faded altar of an unknown god.
  2635 | D:3      | Reached skill level 1 in Dodging
  2635 | D:3      | Reached XP level 5. HP: 44/47 MP: 4/4
  3246 | D:4      | Found a basalt altar of Yredelemnul.
  3279 | D:4      | Found Mieq's Distillery.
  3349 | D:4      | Reached skill level 5 in Armour
  3398 | D:4      | Reached skill level 5 in Fighting
  3398 | D:4      | Slain by a gnoll

Illustrated notes

Levels and vault maps discovered:
D:1:      matt_arrival_refuge, layout_loops_cross, serial_rivers,
          chequers_serial_rivers_room_a, chequers_serial_rivers_large_a,
          chequers_serial_rivers_micro_a, chequers_serial_rivers_marsh,
          chequers_serial_rivers_small_b, chequers_serial_rivers_marsh
D:2:      layout_basic, hellmonk_ecumenical_altar_blasted,
          minmay_misc_feat_plants, roderic_lattice_a,
          hangedman_decor_clover_reticule, chequers_mini_garden
D:3:      layout_basic, corexii_item_surrounded_by_moat, nicolae_half_adder
D:4:      layout_loops_corners, yredelemnul_altar_generic,
          nicolae_overflow_squiral, serial_shops, shop, serial_bayou_crossing,
          uniq_edmund

Skill      XL: |  1  2  3  4  5 |
---------------+----------------+-----
Shields        | 4 |  4.8
Armour         | 4 5 |  5.1
Fighting       | 4 5 |  5.0
Long Blades    | 3 |  3.9
Dodging        | 1 |  1.1
Stealth        | |  0.5

Action                     |  1- 3 |  4- 6 || total
---------------------------+-------+-------++-------
  Melee: Long sword        |    93 |   119 ||   212
         Headbutt          |    14 |    14 ||    28
  Evoke: Wand              |       |     1 ||     1
    Use: Scroll            |     4 |     5 ||     9
         Potion            |     2 |     4 ||     6
 Armour: Scale mail        |    47 |    54 ||   101
  Dodge: Dodged            |    44 |    53 ||    97
  Block: Buckler           |    26 |    32 ||    58
